 Dungeon Crawl Stone Soup version 0.21.1-1-g345015fe64 (webtiles) character file.

365 Gargoyl the Skirmisher (level 6, -3/53 HPs)
             Began as a Centaur Abyssal Knight on Feb 24, 2018.
             Was a Believer of Lugonu.
             Slain by an iguana (4 damage)
             ... on level 4 of the Dungeon.
             The game lasted 00:06:34 (3648 turns).

Gargoyl the Skirmisher (Centaur Abyssal Knight)     Turns: 3648, Time: 00:06:34

Health: -3/53      AC: 10    Str: 13 (15) XL:     6   Next: 40%
Magic:  17/17      EV:  1    Int:  8 (11) God:    Lugonu [**....]
Gold:   124        SH:  7    Dex:  8 (10) Spells: 5/5 levels left

rFire    . . .     SeeInvis .   k - +0 war axe
rCold    . . .     Gourm    .   d - +0 shield
rNeg     . . .     Faith    .   i - +0 chain mail
rPois    .         Spirit   .   (helmet restricted)
rElec    .         Reflect  .   t - +0 cloak
rCorr    .         Harm     .   (no gloves)
MR       .....     Rnd*Tele +   (no barding)
Stlth    ..........             e - amulet of rage
HPRegen  0.17/turn              m - ring of teleportation (curse)
MPRegen  0.15/turn              n - ring of magical power

@: berserk cooldown, very quick
A: large, antennae 1, hooves 3, rugged brown scales 1, deformed body, speed 2,
tough skin 3
a: Depart the Abyss, Bend Space, Renounce Religion, Evoke Berserk Rage


You were on level 4 of the Dungeon.
You worshipped Lugonu.
Lugonu was pleased with you.
You were very hungry.

You visited 1 branch of the dungeon, and saw 4 of its levels.
You visited the Abyss 1 time.

You collected 124 gold pieces.

Inventory:

Hand Weapons
 a - a +1 hand axe
 k - a +0 war axe (weapon)
Armour
 d - a +0 shield (worn)
 i - a +0 chain mail (worn)
 l - a +0 hat
 p - a +0 helmet
 t - a +0 cloak (worn)
Jewellery
 e - an amulet of rage (around neck)
 m - a cursed ring of teleportation (left hand)
 n - a ring of magical power (right hand)
 o - an uncursed ring of positive energy
Potions
 f - a potion of flight
 h - a potion of haste
Comestibles
 c - 7 rations
 g - 2 chunks of flesh


   Skills:
 + Level 4.0 Fighting
 + Level 3.3 Axes
 * Level 2.9 Armour
 + Level 1.2 Dodging
 + Level 1.1 Shields
 * Level 3.4 Invocations


You had 5 spell levels left.
You didn't know any spells.

Dungeon Overview and Level Annotations

Branches:
Dungeon (4/15)
 Temple: D:4-7

Altars:
Cheibriados

Shops:
D:4 =


Innate Abilities, Weirdness & Mutations

You have hooves in place of feet.
Armour fits poorly on your strangely shaped body.
You cover ground very quickly.
You have extremely tough skin. (AC +3)
You have a pair of small antennae on your head.
You are partially covered in rugged brown scales. (AC +1, +3% HP)


Message History

* * * LOW HITPOINT WARNING * * *
It was a potion of degeneration.
There was something very wrong with that liquid.
You feel weakened.
You feel dopey.
You feel clumsy. The worker ant bites you.
* * * LOW HITPOINT WARNING * * *
Found an escape hatch in the floor.
An iguana comes into view.
The worker ant waves its antennae.
Found 31 stones.
The iguana bites you.
* * * LOW HITPOINT WARNING * * *
Found a scroll labeled BUALIRYOPS.
You slash the iguana!
The iguana is heavily wounded.
The iguana bites you.
* * * LOW HITPOINT WARNING * * *
Unknown command.
The iguana bites you.
You die...

#.### ######### #.......#
#.?...... # #........ ###
#........ #####..
#############@..>.... #...<.#
#....a.a.O..al....(....#.###..
#.##################.#...###<8
#.# #...... #a# ###.8.∩ #.#
####. #a# #8 #g# #. #.# #.


You could see an ogre, an iguana and 2 worker ants.

Vanquished Creatures
  Purgy (D:3)
  Crazy Yiuf (D:3)
  Jessica (D:2)
  An iguana (D:4)
  Terence (D:3)
  An orc wizard (D:3)
  A worker ant (D:4)
  2 adders
  An adder skeleton (D:4)
  4 worms
  3 dart slugs
  2 leopard geckos (D:1)
  9 orcs
  4 giant cockroaches
  11 hobgoblins
  2 jackals (D:3)
  9 kobolds
  3 quokkas
  A ball python (D:3)
  4 bats
  2 frilled lizards
  4 goblins
  A rat (D:2)
  A fungus (D:3)
70 creatures vanquished.

Notes
Turn   | Place    | Note
-------+----------+-------------------------------------------
     0 | Abyss:1  | Gargoyl the Centaur Abyssal Knight began the quest for the Orb.
     0 | Abyss:1  | Reached XP level 1. HP: 19/19 MP: 2/2
    77 | Abyss:1  | Noticed a soul eater
    90 | Abyss:1  | Found an ornate altar of the Wu Jian Council.
   113 | Abyss:1  | Noticed a neqoxec
   138 | Abyss:1  | Noticed a large abomination
   139 | Abyss:1  | Noticed a large abomination
   157 | D:1      | Escaped the Abyss
   412 | D:1      | Reached XP level 2. HP: 26/26 MP: 3/3
   462 | D:1      | Reached * piety under Lugonu
  1306 | D:2      | Reached XP level 3. HP: 19/31 MP: 4/4
  1748 | D:2      | Noticed Jessica
  1751 | D:2      | Killed Jessica
  1751 | D:2      | Reached XP level 4. HP: 22/40 MP: 5/5
  2307 | D:3      | Found a snail-covered altar of Cheibriados.
  2308 | D:3      | Noticed Purgy
  2314 | D:3      | Gained mutation: You have a pair of small antennae on your head. [potion of mutation]
  2314 | D:3      | Gained mutation: You are partially covered in rugged brown scales. (AC +1, +3% HP) [potion of mutation]
  2327 | D:3      | Killed Purgy
  2327 | D:3      | Reached skill level 1 in Dodging
  2327 | D:3      | Reached XP level 5. HP: 16/47 MP: 7/7
  2329 | D:3      | Reached ** piety under Lugonu
  2695 | D:3      | Noticed Terence
  2711 | D:3      | Killed Terence
  2711 | D:3      | Reached skill level 4 in Fighting
  3115 | D:3      | Reached XP level 6. HP: 41/53 MP: 8/8
  3119 | D:3      | Reached skill level 1 in Shields
  3337 | D:3      | Found a runed door.
  3341 | D:3      | Noticed Crazy Yiuf
  3348 | D:3      | Killed Crazy Yiuf
  3402 | D:4      | Found Cimeet's Jewellery Shoppe.
  3647 | D:4      | HP: 1/53 [iguana (3)]
  3648 | D:4      | Slain by an iguana

Skill      XL: |  1  2  3  4  5  6 |
---------------+-------------------+-----
Axes           | 2 3 |  3.3
Armour         | 2 |  2.9
Dodging        | 1 |  1.2
Invocations    | 3 |  3.4
Fighting       | 4 |  4.0
Shields        | 1 |  1.1

Action                   |  1- 3 |  4- 6 || total
-------------------------+-------+-------++-------
Melee: Hand axe          |    87 |       ||    87
       Kick              |     8 |    31 ||    39
       War axe           |     2 |   164 ||   166
Invok: Depart the Abyss  |     1 |       ||     1
 Abil: Evoke Berserk Rag |       |     2 ||     2
  Use: Scroll            |     2 |     4 ||     6
       Potion            |       |     6 ||     6
  Eat: Chunk             |     1 |     7 ||     8
Armor: Leather armour    |    16 |       ||    16
       Chain mail        |    25 |   152 ||   177
Dodge: Dodged            |    19 |     9 ||    28
Block: Shield            |    30 |    77 ||   107
